 Dungeon Crawl Stone Soup version 0.31-a0-162-gc4c5a43528 (webtiles) character file.

Game seed: 7223205892914959947

11951 Ijustatesigmund the Tainter (level 11, -5/70 HPs)
             Began as an Octopode Venom Mage on June 13, 2023.
             Was an Elder of Cheibriados.
             Slain by an elephant (7 damage)
             ... on level 1 of the Lair of Beasts.
             The game lasted 00:26:59 (10862 turns).

Ijustatesigmund the Tainter (Octopode Venom Mage)  Turns: 10862, Time: 00:27:00

Health: -5/70      AC: 11    Str: 24    XL:     11   Next: 85%
Magic:  21/21      EV: 28    Int: 39    God:    Cheibriados [****..]
Gold:   1048       SH:  9    Dex: 21    Spells: 6/23 levels left

rFire   . . .        o - +10 morningstar "Eos" {elec, Halo rElec}
rCold   . . .        y - +3 warlock's mirror {omnireflect}
rNeg    . . .        v - +2 hat of Irivay {Int+3}
rPois   .            x - amulet of the acrobat
rElec   +            n - +4 ring of protection
rCorr   .            w - +6 ring of strength
SInv    .            B - +4 ring of protection
Will    .....        I - +6 ring of intelligence
Stlth   ++           (no ring)
HPRegen 0.31/turn    (no ring)
MPRegen 0.17/turn    (no ring)
                     (no ring)

%: reflection, acrobat
@: about to teleport, acrobatic, glowing, very slow
A: almost no armour, amphibious, 8 rings, camouflage 1, gelatinous body 1,
(nimble swimmer 1), tentacles
a: Renounce Religion, Bend Time, Temporal Distortion, Slouch


You were on level 1 of the Lair of Beasts.
You worshipped Cheibriados.
Cheibriados was greatly pleased with you.
You visited 3 branches of the dungeon, and saw 12 of its levels.
You also visited: Bailey.

You collected 1768 gold pieces.
You spent 720 gold pieces at shops.

Inventory:

Hand Weapons
 b - a +5 flail
 o - the +10 morningstar "Eos" (weapon) {elec, Halo rElec}
   (You found it on level 2 of the Dungeon)

   Halo:      It grants its wielder a halo, revealing invisible creatures and
   increasing accuracy against all within it other than the wielder.
   rElec:     It insulates you from electricity.
Armour
 v - the +2 hat of Irivay (worn) {Int+3}
   (You acquired it in a bailey)

   Int:       It affects your intelligence (+3).
 y - the +3 warlock's mirror (worn) {omnireflect}
   (You acquired it in a bailey)

   Omnireflect: It can block and reflect piercing ranged attacks and magical
   attacks against the wielder's willpower.
Jewellery
 n - a +4 ring of protection (left tentacle)
 w - a +6 ring of strength (right tentacle)
 x - an amulet of the acrobat (around mantle)
 B - a +4 ring of protection (on tentacle)
 I - a +6 ring of intelligence (on tentacle)
Wands
 g - a wand of light (6)
 q - a wand of iceblast (11)
 s - a wand of flame (46)
 z - a wand of paralysis (27)
 D - a wand of mindburst (16)
Scrolls
 c - a scroll of torment {unknown}
 e - 4 scrolls of poison
 h - a scroll of immolation
 i - a scroll of teleportation
 k - 6 scrolls of identify
 m - a scroll of enchant armour {unknown}
 t - 8 scrolls of fear
 E - 2 scrolls of blinking
 F - a scroll of enchant weapon {unknown}
Potions
 d - 3 potions of enlightenment
 f - 4 potions of attraction
 j - a potion of cancellation {unknown}
 l - 3 potions of brilliance
 p - 2 potions of lignification
 u - a potion of mutation
 H - a potion of berserk rage {unknown}


   Skills:
 - Level 4.7 Fighting
 - Level 5.0 Maces & Flails
 - Level 2.0 Dodging
 - Level 2.6 Stealth
 - Level 5.4 Shields
 + Level 6.7 Spellcasting
 - Level 4.5 Conjurations
 + Level 4.3 Necromancy
 - Level 4.3 Transmutations
 - Level 4.6 Air Magic
 + Level 6.3 Earth Magic
 - Level 9.7 Poison Magic
 + Level 5.9 Invocations


You had 6 spell levels left.
You knew the following spells:

 Your Spells              Type           Power      Damage    Failure   Level
a - Sting                 Tmut/Pois      100%       1d8       1%          1
b - Poisonous Vapours     Pois/Air       100%       N/A       1%          2
c - Mephitic Cloud        Conj/Pois/Air  58%        N/A       1%          3
d - Olgreb's Toxic Radia  Pois           73%        N/A       1%          4
e - Passwall              Tmut/Erth      44%        N/A       1%          2
f - Borgnjor's Vile Clut  Necr/Erth      26%        N/A       10%         5

Your spell library contained the following spells:

 Spells                   Type           Power      Damage    Failure   Level
 Beastly Appendage        Tmut           94%        N/A       1%          1
 Necrotise                Necr           100%       1d9       1%          1
 Sandblast                Erth           100%       2d20      1%          1
 Wereblood                Tmut           47%        N/A       1%          2
 Spider Form              Tmut/Pois      62%        N/A       1%          3
 Stone Arrow              Conj/Erth      100%       3d13      1%          3
 Vampiric Draining        Necr           47%        2d9       1%          3
 Dazzling Flash           Conj/Hex       60%        N/A       3%          3
 Call Imp                 Summ           26%        N/A       4%          2
 Ensorcelled Hibernation  Hex/Ice        26%        N/A       4%          2
 Animate Dead             Necr           47%        N/A       5%          4
 Summon Guardian Golem    Hex/Summ       13%        N/A       10%         3
 Volatile Blastmotes      Fire/Tloc      26%        2d12      10%         3
 Iskenderun's Mystic Bla  Conj/Tloc      30%        2d8       12%         4
 Anguish                  Hex/Necr       15%        N/A       13%         4
 Agony                    Necr           47%        N/A       14%         5
 Summon Ice Beast         Ice/Summ       13%        N/A       30%         4
 Death Channel            Necr           23%        N/A       63%         6
 Starburst                Conj/Fire      15%        6d6       88%         6


Dungeon Overview and Level Annotations

Branches:
Dungeon (10/15)            Temple (1/1) D:7            Lair (1/5) D:9
 Bailey (visited)
    Orc: D:9-12

Altars:
Ashenzari
Cheibriados
Dithmenos
Elyvilon
Fedhas
Gozag
Hepliaklqana
Kikubaaqudgha
Makhleb
Nemelex Xobeh
Okawaru
Qazlal
Ru
Sif Muna
Trog
Uskayaw
Vehumet
Wu Jian
Xom
Yredelemnul
Zin
The Shining One

Shops:
D:1 [   D:2 :   D:5 :   D:6 =

Annotations:
D:8 1 runed translucent door, vvokhom's ghost, novice GrFi
Lair:1 1 runed translucent door, zx48k's ghost, journeyman GnFi


Innate Abilities, Weirdness & Mutations

You cannot wear most types of armour.
You are amphibious.
You can wear up to eight rings at the same time.
Your skin changes colour to match your surroundings (Stealth+).
Your rubbery body absorbs attacks. (AC +1, EV +1)
((You are camouflaged when in or above water. (Stealth+)))
You have tentacles for arms and can constrict up to eight enemies at once.


Message History

Aiming: Borgnjor's Vile Clutch (dangerous; 11% risk of failure)
Press: ? - help, Shift-Dir - straight line, f - yak, p - elephant
Aim: a yak (severely wounded, poisoned, haloed, 100% to hit)
Zombie hands grab the yak.
The elephant is unaffected.
The zombie hands constrict the elephant!
The zombie hands constrict the yak.
The elephant struggles to escape constriction.
The yak gores you.
* * * LOW HITPOINT WARNING * * *
Unknown command.
Blink to where?
Press: ? - help, Dir - move target, p - yak The zombie hands lose their grip on something.
A komodo dragon comes into view.
As you read the scroll of blinking, it crumbles to dust.
The zombie hands constrict the yak!
The yak struggles to escape constriction.
Casting: Borgnjor's Vile Clutch (dangerous; 11% risk of failure)
Confirm with . or Enter, or press ? or * to list all spells.
You begin to radiate toxic energy.
The elephant is poisoned. x2
The komodo dragon hisses angrily.
The komodo dragon is poisoned.
You kill the yak!
Cheibriados appreciates the change of pace.
You kill the elephant!
Cheibriados appreciates the change of pace.
The elephant looks even sicker.
The komodo dragon looks even sicker.
The elephant looks even sicker.
Magic courses through your body.
The elephant looks even sicker.
Your toxic aura wanes.
As you read the scroll of teleportation, it crumbles to dust.
You feel strangely unstable. The elephant attacks as you move away!
The elephant misses you. The elephant closely misses you.
The komodo dragon completely misses you.
The komodo dragon bites you!!
* * * LOW HITPOINT WARNING * * *
The elephant tramples you!
You die...

#........# ## #..
#........# #.
#..##........# #.
#.. .........P #.
#.. #........##..##.
#..##........#....#.
#...#........##..# #
#...l........##..# #
#..@YY.......##..###
#..##........##....Y
#.. #...Y....##..Y..
#.. #...............
#.. #..........†....
#.. #..###....#†....
#.. ...# ##..##.....
#.. ..# #..#P.....
#..##.....


You could see 3 elephants and a komodo dragon (poisoned).

Vanquished Creatures
  Pikel (D:8)
  A deep elf pyromancer (D:10)
  2 elephants (Lair:1)
  An unseen horror (D:7)
  Maggie (D:8)
  2 kobold demonologists (Bailey)
  A troll (D:10)
  A hornet (D:9)
  Prince Ribbit (D:8)
  A shadow (D:10)
  A wraith (D:9)
  A vampire (D:10)
  19 yaks
  A steam dragon (D:8)
  Menkaure (D:6)
  2 acid dragons
  Edmund (D:6)
  A water moccasin (D:7)
  14 orc warriors
  2 sky beasts (D:7)
  5 black bears
  3 ogres
  4 centaurs
  A lemure (D:8)
  A kobold brigand (D:7)
  A gnoll sergeant (D:9)
  2 scorpions (D:6)
  9 wights
  15 killer bees (D:10)
  3 howler monkeys (D:8)
  4 electric eels (Bailey)
  4 hounds
  A jelly (D:4)
  2 orc priests
  A sleepcap (D:7)
  Jessica (D:2)
  5 orc wizards
  4 iguanas
  8 gnolls
  6 adders
  2 shadow imps (D:6)
  A white imp (D:6)
  An ufetubus (D:7)
  A worm (D:4)
  2 dart slugs
  46 orcs
  6 endoplasms
  2 giant cockroaches (D:4)
  18 goblins
  13 hobgoblins
  3 quokkas
  4 ball pythons
  6 bats
  10 frilled lizards
  12 kobolds
  8 rats
  A butterfly (Lair:1)
271 creatures vanquished.

Notes
Turn   | Place    | Note
-------+----------+-------------------------------------------
     0 | D:1      | Ijustatesigmund the Octopode Venom Mage began the quest for
                  | the Orb.
     0 | D:1      | Reached XP level 1. HP: 11/11 MP: 3/3
    87 | D:1      | Reached XP level 2. HP: 18/18 MP: 5/5
    90 | D:1      | Learned a level 2 spell: Poisonous Vapours
   158 | D:1      | Reached skill level 1 in Fighting
   158 | D:1      | Reached skill level 4 in Poison Magic
   637 | D:1      | Reached XP level 3. HP: 20/23 MP: 6/6
   641 | D:1      | Learned a level 3 spell: Mephitic Cloud
   686 | D:1      | Found Rucrum's Armour Emporium.
   716 | D:2      | Noticed Jessica
   719 | D:2      | Killed Jessica
   720 | D:2      | Reached skill level 1 in Air Magic
   786 | D:2      | Found Eraxy's Book Shoppe.
   888 | D:2      | Reached XP level 4. HP: 28/28 MP: 7/7
  1100 | D:2      | Found the +10 morningstar "Eos" {elec, Halo rElec}
  1139 | D:2      | Reached skill level 1 in Conjurations
  1385 | D:3      | Found a sparkling altar of Nemelex Xobeh.
  1475 | D:3      | Found a hide-covered altar of Uskayaw.
  1642 | D:3      | Found an opulent altar of Gozag.
  1701 | D:3      | Found a radiant altar of Vehumet.
  2105 | D:4      | Reached XP level 5. HP: 32/33 MP: 9/9
  2107 | D:4      | Reached skill level 1 in Maces & Flails
  2136 | D:4      | Noticed an orc warrior
  2445 | D:4      | Noticed a black bear
  2447 | D:4      | Killed an orc warrior
  2448 | D:4      | Reached skill level 1 in Shields
  2448 | D:4      | Reached skill level 5 in Poison Magic
  2448 | D:4      | Reached XP level 6. HP: 38/38 MP: 6/10
  2684 | D:4      | Killed a black bear
  2763 | D:4      | Found an iron altar of Okawaru.
  2907 | D:5      | Entered Level 5 of the Dungeon
  2907 | D:5      | Noticed a black bear
  2912 | D:5      | Killed a black bear
  2913 | D:5      | Reached skill level 6 in Poison Magic
  2913 | D:5      | Reached XP level 7. HP: 40/43 MP: 11/11
  2919 | D:5      | Learned a level 4 spell: Olgreb's Toxic Radiance
  3524 | D:5      | Found Lowiyxee's Book Shoppe.
  3746 | D:5      | Found a blossoming altar of Fedhas.
  3897 | D:6      | Reached XP level 8. HP: 48/48 MP: 4/12
  4198 | D:6      | Reached skill level 7 in Poison Magic
  4559 | D:6      | Noticed Menkaure
  4565 | D:6      | Killed Menkaure
  4566 | D:6      | Reached skill level 5 in Maces & Flails
  4803 | D:6      | Noticed Edmund
  4809 | D:6      | Killed Edmund
  4810 | D:6      | Reached skill level 5 in Shields
  4892 | D:6      | Reached skill level 8 in Poison Magic
  5066 | D:6      | Learned a level 2 spell: Passwall
  5128 | D:6      | Found Zyaru's Jewellery Shop.
  5139 | D:6      | Bought a +4 ring of protection for 360 gold pieces
  5240 | D:7      | Reached XP level 9. HP: 47/54 MP: 13/13
  5313 | D:7      | Noticed an unseen horror
  5318 | D:7      | Killed an unseen horror
  5319 | D:7      | Reached skill level 1 in Earth Magic
  5565 | D:7      | Found a staircase to the Ecumenical Temple.
  5894 | Temple   | Entered the Ecumenical Temple
  6155 | D:8      | Found a runed translucent door.
  6157 | D:8      | Identified the +8 spear of Egricafa {protect, rF+ rC+}
  6157 | D:8      | Noticed vvokhom's ghost (novice GrFi)
  6217 | D:8      | Noticed Pikel
  6222 | D:8      | Killed Pikel
  6223 | D:8      | Noticed Prince Ribbit
  6230 | D:8      | Killed Prince Ribbit
  6277 | D:8      | Noticed Maggie
  6284 | D:8      | Reached skill level 9 in Poison Magic
  6288 | D:8      | Killed Maggie
  6289 | D:8      | Reached XP level 10. HP: 58/63 MP: 12/16
  6332 | D:8      | Identified the +0 robe "Yfeis" {Will+ Int+2 Slay+2}
  6669 | D:8      | Identified the +0 robe of Jakuab {rF- Dex+3 SInv}
  6976 | D:8      | Found a shimmering altar of Xom.
  6981 | D:8      | Found a snail-covered altar of Cheibriados.
  6985 | D:8      | Became a worshipper of Cheibriados the Contemplative
  6988 | D:8      | Found a stormy altar of Qazlal.
  6988 | D:8      | Found a glowing golden altar of the Shining One.
  6990 | D:8      | Found a glowing silver altar of Zin.
  6991 | D:8      | Identified the +6 hand axe of the Contumacious God {venom,
                  | Str+5}
  6992 | D:8      | Found a sacrificial altar of Ru.
  6993 | D:8      | Found a broken altar of Ashenzari.
  7235 | D:9      | Found an ornate altar of the Wu Jian Council.
  7292 | D:9      | Found a staircase to the Lair.
  7322 | D:9      | Found a basalt altar of Yredelemnul.
  7327 | D:9      | Reached skill level 1 in Invocations
  7437 | D:9      | Reached skill level 5 in Spellcasting
  7636 | D:9      | Reached * piety under Cheibriados
  7969 | D:6      | Bought a +6 ring of intelligence for 360 gold pieces
  7976 | D:6      | Learned a level 5 spell: Borgnjor's Vile Clutch
  8388 | D:10     | Entered Level 10 of the Dungeon
  8392 | D:10     | Reached XP level 11. HP: 70/70 MP: 13/18
  8414 | D:10     | Found a flagged portal.
  8419 | Bailey   | Entered a bailey
  8461 | Bailey   | Reached skill level 1 in Necromancy
  8468 | Bailey   | Reached ** piety under Cheibriados
  8752 | Bailey   | Found an iron altar of Okawaru.
  8764 | Bailey   | Reached skill level 5 in Earth Magic
  9088 | Bailey   | Acquired 902 gold pieces
  9089 | Bailey   | Acquired the +3 warlock's mirror {omnireflect}
  9089 | Bailey   | Found the +3 warlock's mirror {omnireflect}
  9096 | Bailey   | Acquired the +2 hat of Irivay {Int+3}
  9190 | D:10     | Reached *** piety under Cheibriados
  9391 | D:10     | Noticed a deep elf pyromancer
  9398 | D:10     | Killed a deep elf pyromancer
  9399 | D:10     | Reached skill level 5 in Invocations
 10145 | D:10     | Noticed an ice dragon
 10532 | D:10     | Got Sulae's Directory of Kindled Formation
 10745 | Lair:1   | Entered Level 1 of the Lair of Beasts
 10753 | Lair:1   | Found a runed translucent door.
 10753 | Lair:1   | Found a shimmering altar of Xom.
 10753 | Lair:1   | Noticed zx48k's ghost (journeyman GnFi)
 10755 | Lair:1   | Identified the +7 trident "Ifarphan" {freeze, MP+9}
 10758 | Lair:1   | Noticed a +0 dire flail of chaos
 10844 | Lair:1   | Reached **** piety under Cheibriados
 10862 | Lair:1   | HP: 2/70 [komodo dragon (21)]
 10862 | Lair:1   | Slain by an elephant

Illustrated notes

Levels and vault maps discovered:
D:1:      erik_arrival_triangle_huge, layout_loops_ring, serial_shops,
          nicolae_shop_back_alley_shop, minmay_lizard_pond
D:2:      layout_basic, serial_shops, shop, uniq_jessica
D:3:      layout_loops_ring, nicolae_overflow_crystal_walls,
          nicolae_uskayaw_murder_on_the_dancefloor, amcnicky_altar_gilded,
          vehumet_altar_wand_db, minmay_misc_feat_secret_circle,
          nicolae_figureground_pulse
D:4:      layout_gridville, lemuel_crystal_altar
D:5:      layout_rooms, marbit_many_paths, serial_shops,
          nicolae_shop_tiny_real_fake_doors,
          hangedman_abyss_or_decor_lesser_grid, minivault_26, hex_tiny
D:6:      layout_gridville, minmay_shop_enchanted_jewellery,
          dreamdust_wishing_well, uniq_menkaure, uniq_edmund
D:7:      layout_gridville, temple_green, ebering_dispersal_statue_hall
D:8:      layout_loops_ring, minitemple, ebering_ghost_funeral_grove,
          uniq_prince_ribbit1, uniq_maggie, uniq_pikel
D:9:      layout_roguey [special_room_orc], lemuel_coloured_pillars_altar,
          mainiacjoe_overflow_surrounded_room, lair_entry_dummy,
          minmay_misc_feat_plants
D:10:     dragon1_lemuel, layout_gridville, enter_bailey_1,
          nicolae_zen_rock_garden
Temple:   nicolae_temple_great_sept
Lair:1:   layout_long_grid, ebering_ghost_xom, amcnicky_mini_pool_medium,
          grunt_megastairs_5, lemuel_fruit_tree, lemuel_fruit_fields,
          serial_bayou_shore_b, serial_bayou_shore_b, uniq_amaemon

Skill      XL: |  1  2  3  4  5  6  7  8  9 10 11 |
---------------+----------------------------------+-----
Fighting       | 1 3 4 |  4.7
Poison Magic   | 4 5 6 8 9 |  9.7
Air Magic      | 1 2 3 4 |  4.6
Conjurations   | 1 3 4 |  4.5
Maces & Flails | 2 3 4 5 |  5.0
Shields        | 1 2 3 5 |  5.4
Spellcasting   | 3 4 5 6 |  6.7
Earth Magic    | 3 4 6 |  6.3
Transmutations | 3 4 |  4.3
Invocations    | 3 5 |  5.9
Necromancy     | 4 |  4.3
Dodging        | |  2.0
Stealth        | |  2.6

Action                     |  1- 3 |  4- 6 |  7- 9 | 10-12 || total
---------------------------+-------+-------+-------+-------++-------
  Melee: Dagger            |    46 |     1 |       |       ||    47
         Constrict         |     7 |    13 |    19 |    24 ||    63
         Tentacles         |     9 |     9 |    15 |    27 ||    60
         Punch             |     1 |     2 |     1 |     4 ||     8
         Morningstar       |       |    58 |    83 |   135 ||   276
   Cast: Sting             |     1 |       |       |       ||     1
         Poisonous Vapours |     1 |    14 |    21 |     8 ||    44
         Mephitic Cloud    |       |     2 |     1 |     5 ||     8
         Olgreb's Toxic Ra |       |       |     4 |    24 ||    28
         Borgnjor's Vile C |       |       |       |     2 ||     2
         Passwall          |       |       |       |     1 ||     1
    Use: Scroll            |       |       |    11 |    13 ||    24
         Potion            |       |       |       |     5 ||     5
   Stab: Sleeping          |     7 |     1 |     3 |     2 ||    13
         Confused          |       |     1 |       |       ||     1
 Armour: Skin              |     2 |    11 |    25 |    39 ||    77
  Dodge: Dodged            |    23 |    36 |    54 |   116 ||   229
  Block: Buckler           |       |       |    21 |    66 ||    87
         Reflection        |       |       |       |     1 ||     1

Table legend: (Time is in decaauts)
 A = Elapsed time spent in this place.
 B = Non-inter-level travel time spent in this place.
 C = Inter-level travel time spent in this place.
 D = Time resting spent in this place.
 E = Time spent auto-exploring this place.
 F = Levels seen in this place.
 G = Mean time per level.
                   A        B        C        D        E       F      G
               +--------+--------+--------+--------+--------+-----+--------+
         Total |  12019 |  11321 |    698 |   2543 |   7235 |  13 |  924.5 |
       Dungeon |  10874 |  10189 |    685 |   2351 |   6571 |  10 | 1087.4 |
        Temple |     84 |     73 |     11 |      0 |     66 |   1 |   84.0 |
          Lair |    184 |    184 |      0 |      0 |    129 |   1 |  184.0 |
        Bailey |    875 |    875 |      0 |    192 |    468 |   1 |  875.0 |
               +--------+--------+--------+--------+--------+-----+--------+

Top non-repeatable levels by time:
    D:10: 2137 daAuts
     D:6: 1427 daAuts
     D:9: 1392 daAuts
     D:3: 1267 daAuts
     D:8: 1234 daAuts
     D:5: 972 daAuts
  Bailey: 875 daAuts
     D:7: 780 daAuts
     D:1: 715 daAuts
     D:2: 586 daAuts
     D:4: 360 daAuts
  Lair:1: 184 daAuts
  Temple: 84 daAuts
